TOP OF THE 1ST |
---|
Seton Hall Pirates batting - Pitching for Cincinnati Bearcats : RHP Rudy England | Pitching: RHP Rudy England | | Batting: RHB Ken Horn | 0-0: Ball 1-0: Swinging Strike 1-1: Ball 2-1: Ball 3-1: Base on Balls | Batting: LHB Vernon Riley | 0-0: Ball 1-0: Called Strike 1-1: Ball 2-1: Ball 3-1: Base on Balls Ken Horn to second | Batting: SHB David Bennett | 0-0: Called Strike 0-1: Ball 1-1: Hit by Pitch Ken Horn to third Vernon Riley to second | Batting: RHB Chris Rigney | 0-0: Ball 1-0: Ball 2-0: Ball 3-0: Base on Balls Ken Horn scores Vernon Riley to third David Bennett to second | Batting: LHB Joe Rutherford | 0-0: Called Strike 0-1: GRAND SLAM HOME RUN (Flyball, 78XD), Distance : 388 ft | Batting: RHB Joe Lord | 0-0: Ball 1-0: SINGLE (Flyball, 78S) | Batting: RHB Matt Hidalgo | 0-0: Ball 1-0: SINGLE (Groundball, 56D) Joe Lord to second | Batting: LHB Turner Burns | 0-0: Called Strike 0-1: Called Strike 0-2: Ball 1-2: SINGLE (Groundball, 6MD) Joe Lord to third Matt Hidalgo to second | Batting: RHB Fernando Cuevas | 0-0: Ball 1-0: Foul Ball, location: 2F 1-1: Swinging Strike 1-2: Ball 2-2: Strikes out looking | Batting: RHB Ken Horn | 0-0: Ball 1-0: Ball 2-0: Foul Ball, location: 2F 2-1: Foul Ball, location: 2F 2-2: Ball 3-2: Foul Ball, location: 2F 3-2: Fly out, F8 (Flyball, 8LS) Runner from 3rd tags up, SCORES, throw made | Batting: LHB Vernon Riley | 0-0: Ball 1-0: Ball 2-0: Foul Ball, location: 2F 2-1: Called Strike 2-2: 3-RUN HOME RUN (Flyball, 9LD), Distance : 337 ft | Batting: SHB David Bennett | 0-0: Ball 1-0: Called Strike 1-1: Foul Ball, location: 2F 1-2: Strikes out looking | Top of the 1st over - 9 runs, 5 hits, 0 errors, 0 left on base; Seton Hall 9 - Cincinnati 0 | BOTTOM OF THE 1ST |
---|
Cincinnati Bearcats batting - Pitching for Seton Hall Pirates : LHP Rory Black | Pitching: LHP Rory Black | | Batting: RHB Ron Moore | 0-0: Ball 1-0: Ball 2-0: Ground out 1-3 (Groundball, P) | Batting: RHB John Ward | 0-0: Called Strike 0-1: Ball 1-1: Ball 2-1: Ball 3-1: Called Strike 3-2: Strikes out looking | Batting: SHB Miguel Price | 0-0: Ball 1-0: Foul Ball, location: 2F 1-1: Ball 2-1: Foul Ball, location: 2F 2-2: Strikes out swinging | Bottom of the 1st over - 0 runs, 0 hits, 0 errors, 0 left on base; Seton Hall 9 - Cincinnati 0 | TOP OF THE 2ND |
---|
Seton Hall Pirates batting - Pitching for Cincinnati Bearcats : RHP Rudy England | Batting: RHB Chris Rigney | 0-0: Ball 1-0: Foul Ball, location: 2F 1-1: Ball 2-1: Ball 3-1: Base on Balls | Batting: LHB Joe Rutherford | 0-0: Ball 1-0: Ball 2-0: Ball 3-0: Base on Balls Chris Rigney to second | Batting: RHB Joe Lord | 0-0: Called Strike 0-1: Ball 1-1: Foul Ball, location: 2F 1-2: Ball 2-2: Ball 3-2: Base on Balls Chris Rigney to third Joe Rutherford to second | Batting: RHB Matt Hidalgo | 0-0: Called Strike 0-1: Grounds into double play, 6-4-3 (Groundball, 6M) Chris Rigney scores Joe Rutherford to third | Batting: LHB Turner Burns | 0-0: Called Strike 0-1: Swinging Strike 0-2: Strikes out looking | Top of the 2nd over - 1 run, 0 hits, 0 errors, 1 left on base; Seton Hall 10 - Cincinnati 0 | BOTTOM OF THE 2ND |
---|
Cincinnati Bearcats batting - Pitching for Seton Hall Pirates : LHP Rory Black | Batting: RHB Craig Porter | 0-0: Ball 1-0: Called Strike 1-1: Swinging Strike 1-2: SINGLE (Line Drive, 89S) | Batting: RHB Ron McClain | 0-0: Called Strike 0-1: Ground out U3 (Groundball, 34S) Craig Porter to second | Batting: LHB Lee Price | 0-0: Called Strike 0-1: Called Strike 0-2: Ground out 5-3 (Groundball, 56S) Craig Porter to third | Batting: RHB Scott Snider | 0-0: Called Strike 0-1: Ball 1-1: Fly out, F4 (Line Drive, 4M) | Bottom of the 2nd over - 0 runs, 1 hit, 0 errors, 1 left on base; Seton Hall 10 - Cincinnati 0 | TOP OF THE 3RD |
---|
Seton Hall Pirates batting - Pitching for Cincinnati Bearcats : RHP Rudy England | Batting: RHB Fernando Cuevas | 0-0: Ball 1-0: Swinging Strike 1-1: Called Strike 1-2: Strikes out swinging | Batting: RHB Ken Horn | 0-0: Called Strike 0-1: SINGLE (Flyball, 78M) | Batting: LHB Vernon Riley | 0-0: Ball 1-0: Ball 2-0: Called Strike 2-1: Grounds into double play, 6-4-3 (Groundball, 6) | Top of the 3rd over - 0 runs, 1 hit, 0 errors, 0 left on base; Seton Hall 10 - Cincinnati 0 | BOTTOM OF THE 3RD |
---|
Cincinnati Bearcats batting - Pitching for Seton Hall Pirates : LHP Rory Black | Batting: RHB Brendan Myers | 0-0: Ground out 4-3 (Groundball, 4M) | Batting: SHB Bob Castro | 0-0: Ball 1-0: Ball 2-0: SINGLE (Groundball, 56D) | Batting: RHB Ron Moore | 0-0: Called Strike 0-1: Ball 1-1: Swinging Strike 1-2: Foul Ball, location: 2F 1-2: Ball 2-2: Grounds into double play, 5-4-3 (Groundball, 56D) | Bottom of the 3rd over - 0 runs, 1 hit, 0 errors, 0 left on base; Seton Hall 10 - Cincinnati 0 | TOP OF THE 4TH |
---|
Seton Hall Pirates batting - Pitching for Cincinnati Bearcats : RHP Rudy England | Batting: SHB David Bennett | 0-0: Ball 1-0: Ball 2-0: Foul Ball, location: 2F 2-1: SINGLE (Groundball, 4MD) | Pitching: RHP Casey Scott | | Batting: RHB Chris Rigney | 0-0: Ball 1-0: DOUBLE (Line Drive, 78D) David Bennett to third | Batting: LHB Joe Rutherford | 0-0: Foul Ball, location: 2F 0-1: Ball 1-1: Swinging Strike 1-2: Strikes out swinging | Batting: RHB Joe Lord | 0-0: Foul Ball, location: 2F 0-1: Ground out 6-3 (Groundball, 6) David Bennett scores | Batting: RHB Matt Hidalgo | 0-0: Ground out 6-3 (Groundball, 6) | Top of the 4th over - 1 run, 2 hits, 0 errors, 1 left on base; Seton Hall 11 - Cincinnati 0 | BOTTOM OF THE 4TH |
---|
Cincinnati Bearcats batting - Pitching for Seton Hall Pirates : LHP Rory Black | Batting: RHB John Ward | 0-0: Ball 1-0: Ball 2-0: Called Strike 2-1: Ball 3-1: Called Strike 3-2: Foul Ball, location: 2F 3-2: Fly out, F9 (Flyball, 89S) | Now in RF: Bob Barnes | | Batting: SHB Miguel Price | 0-0: Called Strike 0-1: Ball 1-1: Foul Ball, location: 2F 1-2: Foul Ball, location: 2F 1-2: Foul Ball, location: 2F 1-2: Ball 2-2: Ball 3-2: Ground out 4-3 (Groundball, 4) | Batting: RHB Craig Porter | 0-0: Ball 1-0: Foul Ball, location: 2F 1-1: Swinging Strike 1-2: Foul Ball, location: 2F 1-2: Foul Ball, location: 2F 1-2: Ball 2-2: Ball 3-2: Foul Ball, location: 2F 3-2: Foul Ball, location: 2F 3-2: Base on Balls | Batting: RHB Ron McClain | 0-0: Ball 1-0: Foul Ball, location: 2F 1-1: Foul Ball, location: 2F 1-2: Ball 2-2: Ball 3-2: Strikes out swinging | Bottom of the 4th over - 0 runs, 0 hits, 0 errors, 1 left on base; Seton Hall 11 - Cincinnati 0 | TOP OF THE 5TH |
---|
Seton Hall Pirates batting - Pitching for Cincinnati Bearcats : RHP Casey Scott | Batting: LHB Turner Burns | 0-0: Called Strike 0-1: Swinging Strike 0-2: Foul Ball, location: 2F 0-2: Ground out 4-3 (Groundball, 4) | Batting: RHB Fernando Cuevas | 0-0: Ground out 6-3 (Groundball, 6) | Batting: RHB Ken Horn | 0-0: Called Strike 0-1: Ball 1-1: Fly out, F9 (Flyball, 89D) | Top of the 5th over - 0 runs, 0 hits, 0 errors, 0 left on base; Seton Hall 11 - Cincinnati 0 | BOTTOM OF THE 5TH |
---|
Cincinnati Bearcats batting - Pitching for Seton Hall Pirates : LHP Rory Black | Batting: LHB Lee Price | 0-0: Ball 1-0: Ball 2-0: Foul Ball, location: 2F 2-1: Swinging Strike 2-2: Ground out 4-3 (Groundball, 34) | Batting: RHB Scott Snider | 0-0: Ground out 6-3 (Groundball, 6) | Batting: RHB Brendan Myers | 0-0: Ball 1-0: Foul Ball, location: 2F 1-1: Swinging Strike 1-2: Reached on error, E5 (Groundball, 5) | Batting: SHB Bob Castro | 0-0: Called Strike 0-1: Ball 1-1: Fly out, F8 (Flyball, 8RM) | Bottom of the 5th over - 0 runs, 0 hits, 1 error, 1 left on base; Seton Hall 11 - Cincinnati 0 | TOP OF THE 6TH |
---|
Seton Hall Pirates batting - Pitching for Cincinnati Bearcats : RHP Casey Scott | Batting: LHB Vernon Riley | 0-0: Called Strike 0-1: Called Strike 0-2: Foul Ball, location: 2F 0-2: Ball 1-2: Foul Ball, location: 2F 1-2: SOLO HOME RUN (Flyball, 9LD), Distance : 313 ft | Batting: SHB David Bennett | 0-0: Ball 1-0: Called Strike 1-1: Swinging Strike 1-2: Strikes out looking | Batting: RHB Chris Rigney | 0-0: Ball 1-0: SOLO HOME RUN (Flyball, 7D), Distance : 359 ft | Batting: LHB Joe Rutherford | 0-0: Ball 1-0: Swinging Strike 1-1: Ball 2-1: Fly out, F8 (Flyball, 89XD) | Batting: RHB Joe Lord | 0-0: Called Strike 0-1: Ground out 6-3 (Groundball, 6) | Top of the 6th over - 2 runs, 2 hits, 0 errors, 0 left on base; Seton Hall 13 - Cincinnati 0 | BOTTOM OF THE 6TH |
---|
Cincinnati Bearcats batting - Pitching for Seton Hall Pirates : LHP Rory Black | Pitching: RHP Billy Parsons | | Batting: RHB Ron Moore | 0-0: Ball 1-0: Ball 2-0: Foul Ball, location: 2F 2-1: Ball 3-1: Base on Balls | Batting: RHB John Ward | 0-0: Ball 1-0: Called Strike 1-1: Swinging Strike 1-2: Fly out, F8 (Flyball, 8LD) | Batting: SHB Miguel Price | 0-0: Ball 1-0: Ball 2-0: Foul Ball, location: 2F 2-1: Foul Ball, location: 2F 2-2: Foul Ball, location: 2F 2-2: Foul Ball, location: 2F 2-2: Strikes out swinging | Batting: RHB Craig Porter | 0-0: Ball 1-0: Called Strike 1-1: Ball 2-1: SINGLE (Line Drive, 7LS) Ron Moore to second | Batting: RHB Ron McClain | 0-0: SINGLE (Groundball, 6MD) Ron Moore to third Craig Porter to second Runner from 3rd tries for Home, throw and OUT! | Bottom of the 6th over - 0 runs, 2 hits, 0 errors, 2 left on base; Seton Hall 13 - Cincinnati 0 | TOP OF THE 7TH |
---|
Seton Hall Pirates batting - Pitching for Cincinnati Bearcats : RHP Casey Scott | Batting: RHB Bob Barnes | 0-0: Swinging Strike 0-1: Foul Ball, location: 2F 0-2: Ball 1-2: Strikes out swinging | Batting: LHB Turner Burns | 0-0: Ball 1-0: Ball 2-0: Swinging Strike 2-1: Foul Ball, location: 2F 2-2: Ball 3-2: Base on Balls | Batting: RHB Fernando Cuevas | 0-0: 2-RUN HOME RUN (Line Drive, 7D), Distance : 349 ft | Batting: RHB Ken Horn | 0-0: Foul Ball, location: 2F 0-1: Ball 1-1: Ball 2-1: SINGLE (Line Drive, 6M) | Batting: LHB Vernon Riley | 0-0: Called Strike 0-1: Swinging Strike 0-2: Ball 1-2: Ball 2-2: SINGLE (Line Drive, 89M) Ken Horn to second Ken Horn to third | Batting: SHB David Bennett | 0-0: Ball 1-0: Ball 2-0: Ball 3-0: Base on Balls Vernon Riley to second | Batting: RHB Chris Rigney | 0-0: Swinging Strike 0-1: Foul Ball, location: 2F 0-2: Ball 1-2: Foul Ball, location: 2F 1-2: Strikes out swinging | Batting: LHB Joe Rutherford | 0-0: Ball 1-0: Foul Ball, location: 2F 1-1: Ball 2-1: Fielders Choice at 2nd, 6-4 (Groundball, 6) | Top of the 7th over - 2 runs, 3 hits, 0 errors, 3 left on base; Seton Hall 15 - Cincinnati 0 | BOTTOM OF THE 7TH |
---|
Cincinnati Bearcats batting - Pitching for Seton Hall Pirates : RHP Billy Parsons | Batting: LHB Lee Price | 0-0: Ball 1-0: Fly out, F7 (Flyball, 7S) | Batting: RHB Scott Snider | 0-0: Ball 1-0: Foul Ball, location: 2F 1-1: Ball 2-1: Ball 3-1: Base on Balls | Batting: RHB Brendan Myers | 0-0: Called Strike 0-1: Hit by Pitch Scott Snider to second | Batting: SHB Bob Castro | 0-0: Ball 1-0: Called Strike 1-1: Fly out, F8 (Flyball, 8LD) | Batting: RHB Ron Moore | 0-0: Called Strike 0-1: Ball 1-1: Called Strike 1-2: Fly out, F8 (Flyball, 8LS) | Bottom of the 7th over - 0 runs, 0 hits, 0 errors, 2 left on base; Seton Hall 15 - Cincinnati 0 | TOP OF THE 8TH |
---|
Seton Hall Pirates batting - Pitching for Cincinnati Bearcats : RHP Casey Scott | Batting: RHB Joe Lord | 0-0: Foul Ball, location: 2F 0-1: Ball 1-1: Ball 2-1: Called Strike 2-2: Strikes out swinging | Pitching: RHP Bill Chambers | | Batting: RHB Bob Barnes | 0-0: Ball 1-0: Ball 2-0: Ground out 6-3 (Groundball, 6) | Batting: LHB Turner Burns | 0-0: Swinging Strike 0-1: Ball 1-1: Foul Ball, location: 2F 1-2: Fly out, F9 (Flyball, 89S) | Top of the 8th over - 0 runs, 0 hits, 0 errors, 0 left on base; Seton Hall 15 - Cincinnati 0 | BOTTOM OF THE 8TH |
---|
Cincinnati Bearcats batting - Pitching for Seton Hall Pirates : RHP Billy Parsons | Batting: RHB John Ward | 0-0: Ball 1-0: Called Strike 1-1: Called Strike 1-2: Foul Ball, location: 2F 1-2: Ball 2-2: Foul Ball, location: 2F 2-2: Foul Ball, location: 2F 2-2: Foul Ball, location: 2F 2-2: Strikes out swinging | Batting: SHB Miguel Price | 0-0: Swinging Strike 0-1: Foul Ball, location: 2F 0-2: Foul Ball, location: 2F 0-2: Ball 1-2: Strikes out swinging | Batting: RHB Craig Porter | 0-0: Ball 1-0: Fly out, F7 (Flyball, 7LM) | Bottom of the 8th over - 0 runs, 0 hits, 0 errors, 0 left on base; Seton Hall 15 - Cincinnati 0 | TOP OF THE 9TH |
---|
Seton Hall Pirates batting - Pitching for Cincinnati Bearcats : RHP Bill Chambers | Pitching: RHP Frank Scott | | Batting: RHB Fernando Cuevas | 0-0: Ball 1-0: Ball 2-0: Ball 3-0: Base on Balls | Batting: RHB Ken Horn | 0-0: Swinging Strike 0-1: Called Strike 0-2: Ball 1-2: Strikes out swinging | Batting: LHB Vernon Riley | 0-0: Ball 1-0: Ball 2-0: Ball 3-0: Called Strike 3-1: Base on Balls Fernando Cuevas to second | Batting: SHB David Bennett | 0-0: Ball 1-0: Called Strike 1-1: Ball 2-1: Fly out, F8 (Flyball, 8RD) | Batting: RHB Chris Rigney | 0-0: Hit by Pitch Fernando Cuevas to third Vernon Riley to second | Batting: LHB Joe Rutherford | 0-0: Called Strike 0-1: Ball 1-1: Ball 2-1: Ball 3-1: Foul Ball, location: 2F 3-2: Foul Ball, location: 2F 3-2: Base on Balls Fernando Cuevas scores Vernon Riley to third Chris Rigney to second | Batting: RHB Joe Lord | 0-0: Called Strike 0-1: Called Strike 0-2: Ball 1-2: Ground out 4-3 (Groundball, 4M) | Top of the 9th over - 1 run, 0 hits, 0 errors, 3 left on base; Seton Hall 16 - Cincinnati 0 | BOTTOM OF THE 9TH |
---|
Cincinnati Bearcats batting - Pitching for Seton Hall Pirates : RHP Billy Parsons | Batting: RHB Ron McClain | 0-0: DOUBLE (Line Drive, 89D) | Batting: LHB Lee Price | 0-0: Ground out 5-3 (Groundball, 5S) Ron McClain to third | Batting: RHB Scott Snider | 0-0: Ball 1-0: Foul Ball, location: 2F 1-1: Fly out, F5 (Flyball, 56D) | Batting: RHB Brendan Myers | 0-0: Called Strike 0-1: Called Strike 0-2: Ball 1-2: Strikes out swinging | Bottom of the 9th over - 0 runs, 1 hit, 0 errors, 1 left on base; Seton Hall 16 - Cincinnati 0 | |